 Dungeon Crawl Stone Soup version 0.30-a0-170-g85af917532 (webtiles) character file.

Game seed: 17637464789119681606

46 qw the Chopper (level 3, -1/23 HPs)
             Began as a Gargoyle Fighter on Sept 30, 2022.
             Slain by Sigmund
             ... wielding a +0 scythe
              (4 damage)
             ... on level 2 of the Dungeon.
             The game lasted 00:00:27 (1386 turns).

qw the Chopper (Gargoyle Fighter)                   Turns: 1386, Time: 00:00:28

Health: -1/23      AC: 10    Str: 21    XL:     3   Next: 68%
Magic:  3/3        EV:  9    Int:  8    God:
Gold:   93         SH:  4    Dex:  9    Spells: 2/2 levels left

rFire   . . .      SeeInvis .    Y - +0 war axe
rCold   . . .      Faith    .    c - +0 buckler
rNeg    + . .      Spirit   .    b - +0 scale mail
rPois   inf        Reflect  .    (no helmet)
rElec   +          Harm     .    (no cloak)
rCorr   .          Rampage  .    (no gloves)
Will    .....                    (no boots)
Stlth   ..........               (no amulet)
HPRegen 0.07/turn                (no ring)
MPRegen 0.08/turn                (no ring)

@: about to teleport
A: sickness immunity, AC +3, negative energy resistance 1, electricity
resistance, torment resistance 1, petrification resistance
a: no special abilities


You were on level 2 of the Dungeon.
You visited 1 branch of the dungeon, and saw 2 of its levels.

You collected 93 gold pieces.


Innate Abilities, Weirdness & Mutations

You are immune to sickness and miasma.
Your stone body is resilient. (AC +3)
You are immune to poison.
You resist negative energy. (rN+)
You are resistant to electric shocks. (rElec)
You are resistant to unholy torment.
You are immune to petrification.


   Skills:
 - Level 3.2 Fighting
 + Level 3.5 Axes
 - Level 3.2 Armour
 - Level 3.2 Shields


You had 2 spell levels left.
You didn't know any spells.
Your spell library was empty.

Inventory:

Hand Weapons
 h - a +0 whip
 Y - a +0 war axe (weapon)
Armour
 b - a +0 scale mail (worn)
 c - a +0 buckler (worn)
 e - a scarf of invisibility
Scrolls
 g - a scroll of identify
Potions
 d - a potion of might
 j - a potion of curing
 k - a potion of haste

Dungeon Overview and Level Annotations

Branches:
Dungeon (2/15)

Altars:
Fedhas

Annotations:
D:2 Sigmund


Message History

The adder bites you but does no damage. Sigmund barely misses you.
The adder closely misses you.
You hit Sigmund but do no damage.
Sigmund is heavily wounded.
You miss the adder. The adder barely misses you. Sigmund closely misses you.
The adder closely misses you.
You closely miss Sigmund.
Sigmund is heavily wounded.
You slash the adder! The adder closely misses you.
Sigmund gestures at you while chanting. The puff of flame hits you.
You closely miss the adder.
The adder is almost dead.
You barely miss Sigmund. The adder bites you but does no damage.
Sigmund closely misses you. The adder bites you but does no damage.
You closely miss the adder.
The adder is almost dead.
You hit Sigmund. The adder completely misses you.
Sigmund hits you with a +0 scythe. The adder bites you but does no damage.
1384 ||| READING scroll of teleportation.
As you read the scroll of teleportation, it crumbles to dust.
You feel strangely unstable. The adder bites you but does no damage.
Sigmund mumbles some strange words.
Sigmund flickers and vanishes!
Deactivating autopickup; reactivate with Ctrl-A.
You miss the adder.
The adder is almost dead.
You miss something. The adder bites you but does no damage.
You block something's attack. The adder bites you but does no damage.
You closely miss the adder.
The adder is almost dead.
You barely miss something. The adder bites you. Something hits you.
You die...

#.# #.# #.#
#.#
#.##########
#..........#
##########%#
.........%.#
.......@####
......{S#
........#
........#
.........
.........
........$
.....>..#.


You could see an adder.

Vanquished Creatures
  An adder (D:2)
  2 dart slugs
  5 ball pythons
  An endoplasm (D:1)
  2 giant cockroaches
  4 goblins
  A hobgoblin (D:1)
  3 jackals (D:1)
  2 quokkas (D:1)
  3 bats
  A frilled lizard (D:2)
  5 kobolds
  2 rats
32 creatures vanquished.

Notes
Turn   | Place    | Note
-------+----------+-------------------------------------------
     0 | D:1      | qw the Gargoyle Fighter began the quest for the Orb.
     0 | D:1      | Reached XP level 1. HP: 14/14 MP: 1/1
     0 | D:1      | 0 ||| qw: Version: 0.2-a-12-gaebbb33
     0 | D:1      | 0 ||| qw: Game counter: 1579
     0 | D:1      | 0 ||| qw: Always use a shield: true
     0 | D:1      | 0 ||| qw: God list: Okawaru
     0 | D:1      | 0 ||| qw: Allow faded altars: false
     0 | D:1      | 0 ||| qw: Do Orc after D:15 true
     0 | D:1      | 0 ||| qw: Do second Lair branch before Depths: true
     0 | D:1      | 0 ||| qw: Lair rune preference: random
     0 | D:1      | 0 ||| qw: Plans: Normal, Zot:1-4, God:TSO, Crypt, Tomb,
                  | Pan, Slime:5, Hells, Abyss, Orb
     0 | D:1      | 0 ||| PLANNING D:1-11
    19 | D:1      | Found a faded altar of an unknown god.
   389 | D:1      | 389 ||| Stepping ~*~*~tactically~*~*~ (stealth).
   397 | D:1      | Reached XP level 2. HP: 16/19 MP: 2/2
   794 | D:1      | Reached skill level 3 in Axes
   843 | D:1      | 843 ||| Stepping ~*~*~tactically~*~*~ (stealth).
   849 | D:1      | Reached XP level 3. HP: 22/23 MP: 3/3
   930 | D:1      | 930 ||| READING scroll labelled DECEIM SADDI.
   974 | D:1      | 974 ||| READING scroll labelled VIUC FUSTU.
   975 | D:1      | 975 ||| READING 2 scrolls labelled RUALOB WEETZ.
   976 | D:1      | 976 ||| READING scroll labelled MUADOD QASAURHIDA.
   981 | D:1      | 981 ||| DRINKING 2 inky potions.
   982 | D:1      | 982 ||| DRINKING 2 dark potions.
   986 | D:2      | Found a blossoming altar of Fedhas.
  1308 | D:2      | 1308 ||| Stepping ~*~*~tactically~*~*~ (stealth).
  1364 | D:2      | Noticed Sigmund
  1365 | D:2      | 1365 ||| Stepping ~*~*~tactically~*~*~ (hiding).
  1367 | D:2      | 1367 ||| Stepping ~*~*~tactically~*~*~ (hiding).
  1383 | D:2      | HP: 5/23 [Sigmund/+0 scythe (2)]
  1384 | D:2      | 1384 ||| READING scroll of teleportation.
  1386 | D:2      | Slain by Sigmund

Levels and vault maps discovered:
D:1:      noname_arrival_rooms_in_the_neighbourhood, layout_rooms,
          basic_ecumenical_altar, minmay_bisected
D:2:      layout_basic, serial_shops, nicolae_shop_trees, basic_altar,
          minmay_split_cup_large, uniq_natasha, uniq_sigmund,
          uniq_crazy_yiuf_cottage

Skill      XL: |  1  2 |
---------------+-------+-----
Axes           | 2 3 |  3.5
Fighting       | |  3.2
Armour         | |  3.2
Shields        | |  3.2

Action                   || total
-------------------------++-------
Melee: War axe           ||    95
  Use: Scroll            ||     5
       Potion            ||     2
Armor: Scale mail        ||    47
Dodge: Dodged            ||    64
Block: Buckler           ||    20

Table legend:
 A = Non-vault XP
 B = Vault XP
 C = Vault XP percentage of total XP
 D = Non-vault monster count
 E = Vault monster count
 F = Vault count percentage of total count
                 A         B        C        D         E       F
            +---------+---------+-------+---------+---------+-------
      Total |      67 |       0 |   0.0 |      32 |       0 |   0.0
            +---------+---------+-------+---------+---------+-------
        D:1 |      38 |       0 |   0.0 |      21 |       0 |   0.0
        D:2 |      29 |       0 |   0.0 |      11 |       0 |   0.0
            +---------+---------+-------+---------+---------+-------
